 Dungeon Crawl Stone Soup version 0.30-a0-840-ga523dec638 (webtiles) character file.

Game seed: 11417266956217184510

31877 Pimp the Protected (level 13, -17/124 HPs)
             Began as an Armataur Fighter on Mar 1, 2023.
             Was the Champion of Okawaru.
             Demolished by an ettin
             ... wielding a +0 great mace
              (19 damage)
             ... on level 2 of the Orcish Mines.
             The game lasted 00:29:49 (12786 turns).

Pimp the Protected (Armataur Fighter)              Turns: 12786, Time: 00:29:49

Health: -17/124    AC: 21    Str: 25    XL:     13   Next: 28%
Magic:  11/13      EV:  7    Int: 11    God:    Okawaru [******]
Gold:   2022       SH: 16    Dex:  9    Spells: 12/12 levels left

rFire   + . .      SeeInvis .    C - +4 war axe (heavy)
rCold   + . .      Faith    .    z - +3 warlock's mirror {omnireflect}
rNeg    . . .      Spirit   .    w - +3 plate armour
rPois   .          Reflect  +    (no helmet)
rElec   .          Harm     .    T - +0 cloak
rCorr   .          Roll     +    (no gloves)
Will    .....                    (no barding) Stlth
                                 B - amulet of reflection
HPRegen 0.40/turn                g - +4 ring of slaying
MPRegen 0.13/turn                D - ring of protection from fire

@: heroic
A: large, rugged brown scales 3, deformed body, armoured tail, roll, long
tongue, awkward tongue, stinger 1, cold resistance 1, subdued magic 1,
MP-powered wands
a: Renounce Religion, Heroism, Finesse, Duel


You were on level 2 of the Orcish Mines.
You worshipped Okawaru.
Okawaru was exalted by your worship.
You visited 3 branches of the dungeon, and saw 14 of its levels.
You also visited: Bailey.

You collected 2022 gold pieces.

Inventory:

Hand Weapons
 a - a +1 war axe
 n - a +5 hand axe of freezing
 p - a +5 broad axe
 C - a +4 heavy war axe (weapon)
 U - a +2 broad axe of draining
Missiles
 m - 5 throwing nets
 K - 6 boomerangs
 M - 4 javelins
 S - a boomerang of dispersal
Armour
 b - a +1 scale mail
 c - a +0 buckler
 w - a +3 plate armour (worn)
 z - the +3 warlock's mirror (worn) {omnireflect}
   (You found it in a bailey)

   Omnireflect: It can block and reflect piercing ranged attacks and magical
   attacks against the wielder's willpower.
 T - a +0 cloak (worn)
Jewellery
 g - a +4 ring of slaying (left hand)
 h - a ring of positive energy
 r - a ring of positive energy
 s - a ring of fire
 A - an amulet of guardian spirit
 B - an amulet of reflection (around neck)
 D - a ring of protection from fire (right hand)
 G - an amulet of the acrobat
 O - a ring of resist corrosion
 P - a ring of see invisible
Wands
 o - a wand of acid (1) (quivered)
 H - a wand of flame (21)
 J - a wand of paralysis (7)
Scrolls
 i - a scroll of immolation
 j - 2 scrolls of butterflies
 t - 4 scrolls of teleportation
 x - 3 scrolls of fog
 y - a scroll of amnesia
 F - 5 scrolls of identify
 I - a scroll of enchant weapon
 L - a scroll of fear
 Q - 2 scrolls of blinking {unknown}
Potions
 d - 4 potions of might
 e - 3 potions of curing
 f - 4 potions of magic
 k - 2 potions of attraction
 l - 2 potions of lignification
 q - a potion of cancellation
 u - 2 potions of mutation
 v - 2 potions of ambrosia
 N - 2 potions of flight
Miscellaneous
 R - a piece from Xom's chessboard (15/15)


   Skills:
 + Level 11.0(16.0) Fighting
 + Level 9.9(14.9) Axes
 + Level 14.1(19.1) Armour
 + Level 13.0(18.0) Shields


You had 12 spell levels left.
You didn't know any spells.
Your spell library contained the following spells:

 Spells                   Type           Power      Damage    Failure   Level
 Apportation              Tloc           0%         N/A       89%         1
 Necrotise                Necr           0%         1d4       89%         1
 Scorch                   Fire           0%         2d5       96%         2
 Dazzling Flash           Conj/Hex       0%         N/A       99%         3
 Vampiric Draining        Necr           0%         2d6       99%         3
 Vhi's Electric Charge    Tloc/Air       0%         N/A       99%         3
 Flame Wave               Conj/Fire      0%         2d4       100%        4
 Agony                    Necr           0%         N/A       100%        5
 Arcjolt                  Conj/Air       0%         1d10      100%        5
 Silence                  Hex/Air        0%         N/A       100%        5
 Maxwell's Capacitive Co  Air            0%         ∞         100%        8
 Summon Small Mammal      Summ           Unusable   N/A       N/A         1
 Summon Cactus Giant      Summ           Unusable   N/A       N/A         6

Dungeon Overview and Level Annotations

Branches:
Dungeon (11/15)            Temple (1/1) D:4            Lair (0/5) D:11
    Orc (2/2) D:11            Elf (0/3) Orc:2        Bailey (visited)

Altars:
Dithmenos
Elyvilon
Fedhas
Kikubaaqudgha
Okawaru
Qazlal
Ru
Sif Muna
Trog
Vehumet
Wu Jian
Zin

Shops:
D:4 [   D:6 :   Orc:2 :


Innate Abilities, Weirdness & Mutations

You are completely covered in rugged brown scales. (AC +3, +7% HP)
Armour fits poorly on your strangely shaped body.
You have a long armoured tail.
You roll when moving toward enemies. (Rampage)
Your long tongue fully drains potion bottles. (2x potion effects)
Your tongue gives you trouble enunciating. (1.5x scroll delay)
Your tail ends in a venomous barb.
Your flesh is cold resistant. (rC+)
Your spells are a little easier to cast, but a little less powerful.
You expend magic power (3 MP) to strengthen your wands.


Message History

The two-headed ogre is moderately wounded.
The two-headed ogre hits you with a +0 giant club!
The two-headed ogre hits you with a +0 giant spiked club.
You slice the two-headed ogre!!
The two-headed ogre is severely wounded.
You block the two-headed ogre's attack. The two-headed ogre barely misses you.
You dice the two-headed ogre like an onion!!!
You kill the two-headed ogre!
Okawaru accepts your kill. You block the ettin's attack.
The ettin hits you with a +0 dire flail!
Your Shields skill increases to level 13!
You block the ettin's attack. x2
Things that are here:
a +0 giant club; a +0 giant spiked club The two-headed ogre shouts in stereo!
You slash the ettin!
The ettin is lightly wounded.
The ettin hits you but does no damage.
The ettin hits you with a +0 dire flail!!
You slash the ettin!
You tail-slap the ettin, but do no damage.
The ettin is moderately wounded.
The ettin hits you with a +0 great mace!!
The ettin hits you with a +0 dire flail!!
An ogre comes into view. It is wielding a +0 giant spiked club.
The ettin hits you but does no damage. The ettin barely misses you.
You slurp down every last drop of the potion of curing!
You feel better.
The ogre shouts!
You hear two shouts!
The ettin hits you with a +0 great mace!!!
* * * LOW HITPOINT WARNING * * *
The ettin hits you with a +0 dire flail!!
* * * LOW HITPOINT WARNING * * *
Okay, then.
You gain the combat prowess of a mighty hero.
A two-headed ogre comes into view. It is wielding two +0 giant clubs.
You block the ettin's attack.
The ettin hits you with a +0 dire flail!!
You die...

..........## ...........#
.§§.. ###.......## .T.∩O
#.##.......#### ^....C
#.##......)[..###### ..TO..
...........)...#.#.###.....#
..##.....##.#.#.).).......#
...#.....#######.#......#
.........# ###@C......#
)[....#..#####.[..#.##.##
......####.##..O..#.# #
......###...#))[....###
........##.#.[........##
....)....#.............#
........(#...O..#......#
.>..........O..###....###
................#.......##


You could see an ettin, 2 two-headed ogres and an ogre.

Vanquished Creatures
  An orc warlord (Bailey)
  Harold (D:9)
  Erica (D:11)
  5 two-headed ogres
  A centaur warrior (D:9)
  An orc high priest (D:11)
  2 deep trolls (Orc:2)
  An orc knight (D:11)
  A cyclops (Orc:2)
  2 orc sorcerers
  A manticore (D:11)
  Maurice (Orc:2)
  An unseen horror (D:10)
  A rime drake (D:11)
  A polar bear (D:11)
  10 trolls
  A wraith (D:7)
  A vampire (D:9)
  9 yaks
  Grum (D:9)
  A basilisk (D:11)
  A steam dragon (D:9)
  An acid dragon (D:9)
  Duvessa (D:4)
  A sky beast (D:7)
  6 ice beasts
  21 orc warriors
  13 ogres
  A centaur (D:10)
  5 wolves
  3 kobold brigands
  3 bullfrogs
  A necrophage (D:6)
  A gnoll sergeant (D:6)
  2 scorpions
  4 wights (D:7)
  Dowan (D:4)
  16 killer bees
  2 howler monkeys (D:9)
  3 jellies
  A hound (D:7)
  2 gnoll boudas
  9 orc priests
  5 iguanas
  Natasha (twice) (D:2)
  24 orc wizards
  17 gnolls
  8 adders
  3 shadow imps
  An ufetubus (D:7)
  2 worms
  3 dart slugs
  76 orcs
  4 bats
  6 endoplasms
  5 giant cockroaches
  10 hobgoblins
  5 quokkas
  6 ball pythons
  10 frilled lizards
  15 goblins
  27 kobolds
  9 rats
380 creatures vanquished.

Vanquished Creatures (others)
  10 plants
10 creatures vanquished.

Grand Total: 390 creatures vanquished

Notes
Turn   | Place    | Note
-------+----------+-------------------------------------------
     0 | D:1      | Pimp the Armataur Fighter began the quest for the Orb.
     0 | D:1      | Reached XP level 1. HP: 19/19 MP: 1/1
   250 | D:1      | Reached XP level 2. HP: 25/26 MP: 2/2
   582 | D:1      | Reached skill level 4 in Armour
   913 | D:1      | Reached XP level 3. HP: 33/33 MP: 3/3
  1057 | D:2      | Noticed Natasha
  1069 | D:2      | Killed Natasha
  1165 | D:2      | Reached XP level 4. HP: 33/40 MP: 4/4
  1420 | D:2      | Noticed Natasha
  1425 | D:2      | Killed Natasha
  1821 | D:3      | Reached XP level 5. HP: 30/48 MP: 5/5
  2588 | D:4      | Reached skill level 5 in Armour
  2653 | D:4      | Found a blossoming altar of Fedhas.
  2662 | D:4      | Reached XP level 6. HP: 55/55 MP: 6/6
  2767 | D:4      | Found a sacrificial altar of Ru.
  2859 | D:4      | Found Moacwyl's Armour Shoppe.
  2862 | D:4      | Noticed Dowan
  2863 | D:4      | Noticed Duvessa
  2876 | D:4      | Killed Duvessa
  2880 | D:4      | Killed Dowan
  2881 | D:4      | Reached skill level 5 in Shields
  3021 | D:4      | Found the +6 shillelagh "Devastator" {shatter}
  3070 | D:4      | Found a staircase to the Ecumenical Temple.
  3108 | Temple   | Entered the Ecumenical Temple
  3121 | Temple   | Became a worshipper of Warmaster Okawaru
  3208 | D:4      | Reached XP level 7. HP: 51/63 MP: 7/7
  3415 | D:5      | Entered Level 5 of the Dungeon
  3847 | D:5      | Identified the +2 dagger "Enke" {flame, Str+3}
  3939 | D:5      | Reached skill level 6 in Armour
  4452 | D:6      | Identified the +11 mace of Ynamuif {spect, Str+4}
  4577 | D:6      | Reached * piety under Okawaru
  4602 | D:6      | Reached skill level 5 in Fighting
  4993 | D:6      | Reached XP level 8. HP: 71/72 MP: 8/8
  5018 | D:6      | Found a white marble altar of Elyvilon.
  5135 | D:6      | Identified the +1 scale mail of Quiet Fog {Will+ Str+4
                  | Dex-4}
  5149 | D:6      | Found Vaixu's Book Shoppe.
  5198 | D:6      | Reached skill level 7 in Armour
  5655 | D:7      | Reached ** piety under Okawaru
  5661 | D:7      | Gained mutation: You expend magic power (3 MP) to
                  | strengthen your wands. [potion of mutation]
  5661 | D:7      | Gained mutation: Your tail ends in a venomous barb. [potion
                  | of mutation]
  5661 | D:7      | Gained mutation: Your spells are a little easier to cast,
                  | but a little less powerful. [potion of mutation]
  5661 | D:7      | Gained mutation: Your flesh is cold resistant. (rC+)
                  | [potion of mutation]
  5787 | D:7      | Reached skill level 5 in Axes
  5838 | D:7      | Reached skill level 8 in Armour
  5838 | D:7      | Reached XP level 9. HP: 69/80 MP: 9/9
  6156 | D:7      | Found a flagged portal.
  6176 | Bailey   | Entered a bailey
  6181 | Bailey   | Noticed an orc warlord
  6181 | Bailey   | Found the +3 warlock's mirror {omnireflect}
  6228 | Bailey   | Reached *** piety under Okawaru
  6302 | Bailey   | Found a runed translucent gate.
  6304 | Bailey   | Found a runed translucent gate.
  6306 | Bailey   | Found a runed translucent gate.
  6375 | Bailey   | Killed an orc warlord
  6376 | Bailey   | Reached skill level 9 in Armour
  6446 | Bailey   | Reached skill level 11 in Armour
  6446 | Bailey   | Reached skill level 10 in Shields
  6446 | Bailey   | Reached XP level 10. HP: 97/97 MP: 10/10
  6446 | Bailey   | Reached XP level 11. HP: 103/103 MP: 11/11
  6830 | D:8      | Reached skill level 12 in Armour
  6832 | D:8      | Reached **** piety under Okawaru
  7065 | D:8      | Found a radiant altar of Vehumet.
  7073 | D:8      | Found an ancient bone altar of Kikubaaqudgha.
  7079 | D:8      | Found a shimmering blue altar of Sif Muna.
  7777 | D:9      | Found a bloodstained altar of Trog.
  7788 | D:9      | Noticed Harold
  7798 | D:9      | Killed Harold
  7799 | D:9      | Reached XP level 12. HP: 96/112 MP: 12/12
  7896 | D:9      | Noticed Grum
  7900 | D:9      | Noticed a centaur warrior
  7902 | D:9      | Killed Grum
  7905 | D:9      | Killed a centaur warrior
  8120 | D:9      | Found a stormy altar of Qazlal.
  8532 | D:10     | Entered Level 10 of the Dungeon
  8554 | D:10     | Found an ornate altar of the Wu Jian Council.
  8794 | D:10     | Noticed a two-headed ogre
  8804 | D:10     | Killed a two-headed ogre
  8808 | D:10     | Reached ***** piety under Okawaru
  9470 | D:11     | Reached skill level 10 in Fighting
  9566 | D:11     | Noticed Erica
  9572 | D:11     | Killed Erica
  9826 | D:11     | Found a staircase to the Lair.
  9830 | D:11     | Reached skill level 13 in Armour
 10066 | D:11     | Found a staircase to the Orcish Mines.
 10337 | Orc:1    | Entered Level 1 of the Orcish Mines
 10546 | Orc:1    | Noticed an orc high priest
 10818 | D:11     | Killed an orc high priest
 11226 | Orc:2    | Entered Level 2 of the Orcish Mines
 11247 | Orc:2    | Found a staircase to the Elven Halls.
 11250 | Orc:2    | Paralysed by an orc sorcerer for 3 turns
 11253 | Orc:2    | Received a gift from Okawaru
 11821 | Orc:2    | Noticed Maurice
 11842 | Orc:2    | Killed Maurice
 11969 | Orc:2    | Found Avemon's Book Shop.
 11969 | Orc:2    | Noticed a two-headed ogre
 11969 | Orc:2    | Noticed a two-headed ogre
 11974 | Orc:2    | Noticed a two-headed ogre
 12446 | Orc:2    | Reached XP level 13. HP: 99/121 MP: 6/13
 12523 | Orc:2    | Reached ****** piety under Okawaru
 12550 | Orc:2    | Received a gift from Okawaru
 12560 | Orc:2    | Reached skill level 14 in Armour
 12777 | Orc:2    | Noticed an ettin
 12785 | Orc:2    | HP: 1/124 [ettin/+0 great mace (21)]
 12786 | Orc:2    | Demolished by an ettin

Illustrated notes

Levels and vault maps discovered:
D:1:      psy_arrival_wood_between_worlds, layout_loops_corners
D:2:      layout_rooms, minmay_octomino_j4, uniq_natasha
D:3:      minmay_wonky_spiral, layout_loops_ring
D:4:      layout_rooms, nicolae_ru_sacrificial_ziggurat, fedhas_altar_3,
          minmay_temple_entry_glass, serial_shops, nicolae_shop_trees,
          nicolae_elevator_lobby_plus, uniq_duvessa
D:5:      layout_gridville, minivault_11
D:6:      layout_loops_ring, lemuel_tele_altar, serial_shops, shop,
          lexackson_kobold_supper
D:7:      layout_basic, enter_bailey_3
D:8:      layout_gridville, grunt_temple_overflow_magic_moments
D:9:      layout_roguey, grunt_qazlal_sundering, amcnicky_altar_gilded,
          dk_noncrumbling_4, uniq_harold, uniq_grum
D:10:     layout_loops_ring, mainiacjoe_overflow_brackets, minivault_25
D:11:     layout_irregular_city, hellmonk_lair_entry_icy, orc_0_dummy,
          serial_column_ruins, column_ruins_hut, column_ruins_hut,
          column_ruins_columns_corner, column_ruins_open_small,
          column_ruins_open_tiny, column_ruins_grid_1, uniq_erica
Temple:   nicolae_temple_god_jail
Orc:1:    layout_caves
Orc:2:    st_orc_open, layout_diamond_mine, hellmonk_bongcloud_opening,
          uniq_maurice

Skill      XL: |  1  2  3  4  5  6  7  8  9 10 11 12 13 |
---------------+----------------------------------------+-----
Fighting       | 3 4 5 6 9 10 11 | 11.0
Armour         | 4 5 6 8 11 12 13 14 | 14.1
Axes           | 2 3 4 5 8 9 |  9.9
Shields        | 4 5 6 7 10 11 12 13 | 13.0

Action                     |  1- 3 |  4- 6 |  7- 9 | 10-12 | 13-15 || total
---------------------------+-------+-------+-------+-------+-------++-------
  Melee: War axe           |    87 |   162 |   190 |   289 |    47 ||   775
         Tailslap          |    10 |    21 |    36 |    33 |    12 ||   112
         Hand axe          |       |       |    54 |       |       ||    54
 Invoke: Heroism           |       |       |       |       |     1 ||     1
  Evoke: Wand              |       |       |       |     4 |       ||     4
    Use: Potion            |       |     2 |    13 |     5 |     3 ||    23
         Scroll            |       |    11 |    11 |     1 |       ||    23
   Stab: Petrified         |       |       |       |     2 |       ||     2
 Armour: Scale mail        |    58 |    89 |    12 |       |       ||   159
         Plate armour      |       |       |   136 |   193 |    26 ||   355
  Dodge: Dodged            |    25 |    58 |    64 |    79 |    13 ||   239
  Block: Buckler           |    19 |    31 |    84 |   304 |    54 ||   492
         Reflection        |       |       |     2 |    28 |       ||    30

Table legend: (Time is in decaauts)
 A = Elapsed time spent in this place.
 B = Non-inter-level travel time spent in this place.
 C = Inter-level travel time spent in this place.
 D = Time resting spent in this place.
 E = Time spent auto-exploring this place.
 F = Levels seen in this place.
 G = Mean time per level.
                   A        B        C        D        E       F      G
               +--------+--------+--------+--------+--------+-----+--------+
         Total |  13167 |  12742 |    425 |   2868 |   7304 |  15 |  877.8 |
       Dungeon |  10819 |  10441 |    378 |   1784 |   6758 |  11 |  983.5 |
        Temple |     22 |     16 |      6 |      0 |      4 |   1 |   22.0 |
  Orcish Mines |   2046 |   2005 |     41 |   1007 |    522 |   2 | 1023.0 |
        Bailey |    278 |    278 |      0 |     77 |     20 |   1 |  278.0 |
               +--------+--------+--------+--------+--------+-----+--------+

Top non-repeatable levels by time:
    D:11: 1466 daAuts
   Orc:1: 1242 daAuts
     D:6: 1220 daAuts
     D:9: 1030 daAuts
     D:1: 1026 daAuts
     D:5: 1025 daAuts
     D:3: 949 daAuts
     D:8: 945 daAuts
     D:4: 913 daAuts
    D:10: 856 daAuts
   Orc:2: 803 daAuts
     D:7: 754 daAuts
     D:2: 630 daAuts
  Bailey: 278 daAuts
  Temple: 22 daAuts
